 Dungeon Crawl Stone Soup version 0.31-a0-217-g58bb5d79cf (webtiles) character file.

Game seed: 8969774495783286754

413 reriks the Digger (level 6, -2/32 HPs)
             Began as a Gargoyle Earth Elementalist on July 2, 2023.
             Slain by Pikel
             ... wielding a +1 whip of flaming
              (3 damage)
             ... on level 3 of the Dungeon.
             The game lasted 00:07:56 (4480 turns).

reriks the Digger (Gargoyle Earth Elementalist)     Turns: 4480, Time: 00:07:56

Health: -2/32      AC:  7    Str: 12    XL:     6   Next: 91%
Magic:  17/20      EV: 12    Int: 17    God:
Gold:   298        SH:  0    Dex: 10    Spells: 5/11 levels left

rFire   . . .        s - +0 morningstar (heavy)
rCold   . . .        (no shield)
rNeg    + . .        a - +1 robe
rPois   ∞            (no helmet)
rElec   +            (no cloak)
rCorr   .            (no gloves)
SInv    .            (no boots)
Will    .....        (no amulet)
Stlth   ++           q - ring of magical power
HPRegen 0.25/turn    (no ring)
MPRegen 0.17/turn

%: no passive effects
@: no status effects
A: sickness immunity, AC +4, negative energy resistance 1, electricity
resistance, torment resistance 1, petrification resistance
a: no special abilities


You were on level 3 of the Dungeon.
You visited 1 branch of the dungeon, and saw 4 of its levels.

You collected 298 gold pieces.

Inventory:

Hand Weapons
 d - a +0 short sword
 s - a +0 heavy morningstar (weapon)
Armour
 a - a +1 robe (worn)
Jewellery
 e - an amulet of the acrobat
 g - an amulet of guardian spirit
 q - a ring of magical power (left hand)
Wands
 f - a wand of polymorph (10)
 k - a wand of quicksilver (12)
 n - a wand of iceblast (8)
Scrolls
 h - a scroll of immolation
 i - a scroll of identify
Potions
 b - a potion of magic
 c - 2 potions of curing
 j - a potion of ambrosia {unknown}
 l - a potion of invisibility {unknown}
 p - a potion of mutation {unknown}


   Skills:
 + Level 2.9 Dodging
 + Level 4.2 Stealth
 + Level 3.3 Spellcasting
 + Level 2.5 Transmutations
 + Level 5.2 Earth Magic


You had 5 spell levels left.
You knew the following spells:

 Your Spells              Type           Power      Damage    Failure   Level
a - Sandblast             Erth           40%        2d10      1%          1
b - Passwall              Tmut/Erth      12%        N/A       5%          2
c - Stone Arrow           Conj/Erth      22%        3d8       17%         3

Your spell library contained the following spells:

 Spells                   Type           Power      Damage    Failure   Level
 Freeze                   Ice            8%         1d3       17%         1
 Petrify                  Tmut/Erth      15%        N/A       34%         4
 Frozen Ramparts          Ice            4%         1d1       45%         3
 Hailstorm                Conj/Ice       2%         3d3       45%         3


Dungeon Overview and Level Annotations

Branches:
Dungeon (4/15)
 Temple: D:4-7

Altars:
Okawaru
The Shining One

Annotations:
D:3 Pikel, Sigmund
D:4 1 runed translucent door, Crazy Yiuf


Innate Abilities, Weirdness & Mutations

You are immune to sickness and miasma.
Your stone body is resilient. (AC +4)
You are immune to poison.
You resist negative energy. (rN+)
You are resistant to electric shocks. (rElec)
You are resistant to unholy torment.
You are immune to petrification.


Message History

Casting: Sandblast (safe; 1% risk of failure)
Confirm with . or Enter, or press ? or * to list all spells.
You don't know that spell.
Unknown command.
Casting: Sandblast (safe; 1% risk of failure)
Confirm with . or Enter, or press ? or * to list all spells.
Okay, then.
Unknown command.
Okay, then.
Pikel attacks as you move away! Pikel closely misses you.
Pikel attacks as you move away! Pikel hits you but does no damage.
Casting: Sandblast (safe; 1% risk of failure)
Confirm with . or Enter, or press ? or * to list all spells.
Aiming: Passwall (safe; 5% risk of failure)
Press: ? - help, Dir - move target A rock wall.
This rock feels extremely deep.
Pikel hits you with a +1 whip of flaming.
Pikel burns you. Pikel waves his whip at you.
Pikel hits you with a +1 whip of flaming!
Pikel burns you.
* * * LOW HITPOINT WARNING * * *
Pikel hits you with a +1 whip of flaming.
* * * LOW HITPOINT WARNING * * *
Pikel burns you.
* * * LOW HITPOINT WARNING * * *
There is an open door here.
Pikel attacks as you move away! Pikel closely misses you.
Casting: Passwall (safe; 5% risk of failure)
Confirm with . or Enter, or press ? or * to list all spells.
Aiming: Passwall (safe; 5% risk of failure)
Press: ? - help, Dir - move target A rock wall.
Pikel barely misses you.
You begin to meditate on the wall.
You continue meditating on the rock.
Pikel hits you with a +1 whip of flaming!
* * * LOW HITPOINT WARNING * * *
Pikel burns you.
You die...

#.# #.# ##.####.### # #.........#
#
#.........#######################
#.>.).....'........(............'
#.........###.#.....##.##########
#.........# #.#.######'##### #
#.........# #...K#.........# #
#.........# ###.@#.##......# ###
#.........# #..#.##......# #..
#.........# #..#.##......# #..
#.........# #..#.##......# #..
#.........# #..#.############..
###############..#.# #.........
#........#.# #.........
#......>.#.# #.........
#........#.#####.........


You could see Pikel (resistant).

Vanquished Creatures
  Grinder (D:4)
  Jessica (D:2)
  Natasha (twice) (D:2)
  An iguana (D:4)
  2 gnolls
  2 adders (D:2)
  2 worms
  2 dart slugs
  An orc (D:3)
  9 ball pythons
  9 bats
  10 endoplasms
  2 giant cockroaches (D:1)
  10 goblins
  9 hobgoblins
  4 jackals (D:1)
  5 kobolds
  4 quokkas
  4 frilled lizards
  6 rats
86 creatures vanquished.

Notes
Turn   | Place    | Note
-------+----------+-------------------------------------------
     0 | D:1      | reriks the Gargoyle Earth Elementalist began the quest for
                  | the Orb.
     0 | D:1      | Reached XP level 1. HP: 10/10 MP: 3/3
   244 | D:1      | Reached skill level 1 in Transmutations
   244 | D:1      | Reached XP level 2. HP: 15/15 MP: 3/5
   823 | D:1      | Reached XP level 3. HP: 19/19 MP: 4/6
   832 | D:1      | Reached skill level 4 in Earth Magic
  1734 | D:1      | Learned a level 2 spell: Passwall
  1738 | D:1      | Learned a level 3 spell: Stone Arrow
  1787 | D:2      | Reached XP level 4. HP: 21/24 MP: 0/7
  1917 | D:2      | Found a faded altar of an unknown god.
  1919 | D:2      | Noticed Jessica
  1924 | D:2      | Killed Jessica
  1925 | D:2      | Noticed Natasha
  2083 | D:2      | Killed Natasha
  2084 | D:2      | Reached XP level 5. HP: 23/28 MP: 4/9
  2605 | D:2      | Noticed Natasha
  2611 | D:2      | Killed Natasha
  3778 | D:3      | Noticed Sigmund
  3843 | D:4      | Found a glowing golden altar of the Shining One.
  4004 | D:4      | Noticed an ogre
  4036 | D:4      | Noticed Grinder
  4059 | D:4      | Found a runed translucent door.
  4060 | D:4      | Noticed Crazy Yiuf
  4098 | D:4      | Noticed a lemure
  4098 | D:4      | Noticed a lemure
  4098 | D:4      | Noticed a lemure
  4099 | D:4      | Noticed a lemure
  4187 | D:4      | Reached XP level 6. HP: 32/32 MP: 10/10
  4305 | D:4      | Found an iron altar of Okawaru.
  4331 | D:4      | Paralysed by Grinder for 3 turns
  4342 | D:4      | Killed Grinder
  4343 | D:4      | Reached skill level 5 in Earth Magic
  4448 | D:4      | Noticed Pikel
  4480 | D:3      | HP: 1/32 [Pikel/+1 whip of flaming (8)]
  4480 | D:3      | Slain by Pikel

Illustrated notes

Levels and vault maps discovered:
D:1:      dpeg_arrival_oval, layout_basic, minivault_19, minmay_crystal_room
D:2:      layout_rooms, hellmonk_ecumenical_altar_pennies_from_heaven,
          kennysheep_generic_room_16, uniq_natasha, uniq_jessica
D:3:      minmay_general_purpose_star, layout_basic, uniq_sigmund
D:4:      layout_rooms, okawaru_trees_1, nicolae_tso_swordbearing_angel,
          lightli_corner_chamber, uniq_pikel, uniq_crazy_yiuf_cottage,
          uniq_grinder

Skill      XL: |  1  2  3  4  5  6 |
---------------+-------------------+-----
Transmutations | 1 2 |  2.5
Earth Magic    | 4 5 |  5.2
Dodging        | 2 |  2.9
Stealth        | 3 4 |  4.2
Spellcasting   | 3 |  3.3

Action                     |  1- 3 |  4- 6 || total
---------------------------+-------+-------++-------
  Melee: Unarmed           |     7 |       ||     7
         Short sword       |       |     1 ||     1
   Cast: Sandblast         |    52 |    97 ||   149
         Passwall          |       |     4 ||     4
    Use: Scroll            |       |     9 ||     9
 Armour: Robe              |     6 |    15 ||    21
  Dodge: Dodged            |    16 |    29 ||    45

Table legend: (Time is in decaauts)
 A = Elapsed time spent in this place.
 B = Non-inter-level travel time spent in this place.
 C = Inter-level travel time spent in this place.
 D = Time resting spent in this place.
 E = Time spent auto-exploring this place.
 F = Levels seen in this place.
 G = Mean time per level.
                   A        B        C        D        E       F      G
               +--------+--------+--------+--------+--------+-----+--------+
         Total |   4573 |   4541 |     32 |   2051 |   1800 |   4 | 1143.2 |
       Dungeon |   4573 |   4541 |     32 |   2051 |   1800 |   4 | 1143.2 |
               +--------+--------+--------+--------+--------+-----+--------+

Top non-repeatable levels by time:
     D:1: 1761 daAuts
     D:3: 1099 daAuts
     D:2: 1066 daAuts
     D:4: 646 daAuts
